 Dungeon Crawl Stone Soup version 0.28.0-45-g0d030f2227 (webtiles) character file.

Game seed: 5991100976009294623

99 Mitsuki the Conjurer (level 4, -2/24 HPs)
             Began as a Deep Elf Conjurer on Apr 5, 2022.
             Blown up by Ijyb (15 damage)
             ... with a mindburst bolt
             ... on level 3 of the Dungeon.
             The game lasted 00:04:54 (2419 turns).

Mitsuki the Conjurer (Deep Elf Conjurer)            Turns: 2419, Time: 00:04:54

Health: -2/24      AC:  3    Str:  4    XL:     4   Next: 45%
Magic:  9/12       EV: 12    Int: 25    God:
Gold:   98         SH:  0    Dex: 13    Spells: 7/11 levels left

rFire   . . .      SeeInvis .   f - +6 mace of Corhegyj {venom, rElec rPois rC+}
rCold   + . .      Faith    .   (no shield)
rNeg    . . .      Spirit   .   a - +0 robe
rPois   +          Reflect  .   (no helmet)
rElec   +          Harm     .   i - +0 cloak
rCorr   .          Rampage  .   (no gloves)
Will    .....                   (no boots)
Stlth   ++........              c - amulet of magic regeneration
HPRegen 0.08/turn               (no ring)
MPRegen 0.53/turn               (no ring)

@: no status effects
A: no striking features
a: no special abilities


You were on level 3 of the Dungeon.
You visited 1 branch of the dungeon, and saw 3 of its levels.

You collected 98 gold pieces.

Inventory:

Hand Weapons
 f - the +6 mace of Corhegyj (weapon) {venom, rElec rPois rC+}
   (You found it on level 2 of the Dungeon)

   It poisons the flesh of those it strikes.
   rC:        It protects you from cold.
   rElec:     It insulates you from electricity.
   rPois:     It protects you from poison.
Missiles
 h - 5 curare-tipped darts
Armour
 a - a +0 robe (worn)
 i - a +0 cloak (worn)
Magical Staves
 d - a staff of death
Jewellery
 c - an amulet of magic regeneration (around neck)
Scrolls
 b - a scroll of summoning {unknown}
 j - a scroll of identify {unknown}
Potions
 e - 2 potions of curing {unknown}
 g - a potion of degeneration {unknown}


   Skills:
 - Level 2.4 Dodging
 - Level 2.4 Stealth
 + Level 4.4 Spellcasting
 * Level 5.9 Conjurations


You had 7 spell levels left.
You knew the following spells:

 Your Spells              Type           Power      Damage    Failure   Level
a - Magic Dart            Conj           100%       1d8       1%          1
b - Apportation           Tloc           10%        N/A       9%          1
c - Searing Ray           Conj           70%        2d7       1%          2

Your spell library contained the following spells:

 Spells                   Type           Power      Damage    Failure   Level
 Dazzling Flash           Conj/Hex       40%        N/A       8%          3
 Animate Skeleton         Necr           10%        N/A       9%          1
 Summon Small Mammal      Summ           20%        N/A       9%          1
 Fulminant Prism          Conj/Hex       10%        3d9       26%         4
 Iskenderun's Mystic Bla  Conj/Tloc      20%        2d6       26%         4


Dungeon Overview and Level Annotations

Branches:
Dungeon (3/15)

Altars:

Annotations:
D:3 Ijyb


Message History

Casting: Magic Dart (safe; 1% risk of failure)
Confirm with . or Enter, or press ? or * to list all spells.
The magic dart hits the frilled lizard.
You kill the frilled lizard!
You now have 11/12 mp.
You can't see any susceptible monsters within range! (Use Z to cast anyway.)
You can't see any susceptible monsters within range! (Use Z to cast anyway.)
Things that are here:
a +0 club; 2 stones; a kobold corpse; MP restored: 12 You see here a +0 ring mail.
There is an open door here.
Ijyb the Twisted Goblin comes into view.
She is wielding a +0 club and carrying a wand of mindburst (14).
Casting: Magic Dart (safe; 1% risk of failure)
Confirm with . or Enter, or press ? or * to list all spells.
The magic dart hits Ijyb.
Ijyb is lightly wounded.
Ijyb shouts!
You now have 11/12 mp.
Casting: Magic Dart (safe; 1% risk of failure)
Confirm with . or Enter, or press ? or * to list all spells.
The magic dart hits Ijyb.
Ijyb is moderately wounded.
Casting: Magic Dart (safe; 1% risk of failure)
Confirm with . or Enter, or press ? or * to list all spells.
The magic dart hits Ijyb.
Ijyb is moderately wounded.
Ijyb zaps a wand.
Your mind is blasted!
You take 11 damage, and have 13/24 hp.
MASSIVE DAMAGE!!
You now have 10/12 mp.
Casting: Magic Dart (safe; 1% risk of failure)
Confirm with . or Enter, or press ? or * to list all spells.
The magic dart hits Ijyb.
Ijyb is heavily wounded.
Ijyb zaps a wand.
You barely resist.
Casting: Magic Dart (safe; 1% risk of failure)
Confirm with . or Enter, or press ? or * to list all spells.
The magic dart hits Ijyb.
Ijyb is heavily wounded.
Ijyb zaps a wand.
Your mind is blasted!
Ouch! That really hurt!
You die...

#.........###
###..........
#......####
#........ #
####.......## .#
###..........###.#
#)...............#
#...............#
#............@..+
#............♣.♣#
#............♣.♣
#............♣g♣
#..........##♣.♣
#..........# .♣
#..........##♣.♣
#..........#.♣.♣
#######'####.♣


You could see Ijyb.

Vanquished Creatures
  Crazy Yiuf (D:2)
  An adder (D:2)
  3 dart slugs
  5 endoplasms
  A giant cockroach (D:1)
  4 goblins
  A hobgoblin (D:1)
  6 jackals
  2 quokkas (D:2)
  5 ball pythons (D:1)
  5 bats
  8 frilled lizards
  5 kobolds
  7 rats
54 creatures vanquished.

Notes
Turn   | Place    | Note
-------+----------+-------------------------------------------
     0 | D:1      | Mitsuki the Deep Elf Conjurer began the quest for the Orb.
     0 | D:1      | Reached XP level 1. HP: 10/10 MP: 6/6
     3 | D:1      | Noticed a merfolk zombie
    17 | D:1      | Noticed a demonspawn zombie
    19 | D:1      | Noticed a minotaur zombie
   281 | D:1      | Reached XP level 2. HP: 15/15 MP: 5/8
   451 | D:1      | Reached skill level 5 in Conjurations
   695 | D:2      | Reached XP level 3. HP: 11/19 MP: 6/10
   845 | D:2      | Learned a level 1 spell: Apportation
   848 | D:2      | Learned a level 2 spell: Searing Ray
  1443 | D:2      | Found the +10 morningstar "Eos" {elec, Halo rElec}
  1444 | D:2      | Identified the +6 mace of Corhegyj {venom, rElec rPois rC+}
  1456 | D:2      | Found a runed translucent door.
  1457 | D:2      | Noticed Crazy Yiuf
  1963 | D:2      | Killed Crazy Yiuf
  1964 | D:2      | Reached XP level 4. HP: 12/24 MP: 8/12
  2414 | D:3      | Noticed Ijyb
  2419 | D:3      | Blown up by Ijyb

Illustrated notes

Levels and vault maps discovered:
D:1:      shiori_arrival_whats_in_store_for_you, layout_basic
D:2:      minmay_chambers_of_ones, layout_basic, grunt_ministairs_1,
          uniq_crazy_yiuf_cottage
D:3:      layout_basic, ebering_ecumenical_altar_hall, serial_forest,
          infiniplex_forest_clump_curved, infiniplex_forest_straight_3,
          infiniplex_forest_clump_small, infiniplex_forest_straight_1,
          infiniplex_forest_zigzag_1, infiniplex_forest_split,
          infiniplex_forest_corner_2, uniq_ijyb, uniq_terence

Skill      XL: |  1  2  3 |
---------------+----------+-----
Conjurations   | 5 |  5.9
Spellcasting   | 4 |  4.4
Dodging        | |  2.4
Stealth        | |  2.4

Action                   |  1- 3 |  4- 6 || total
-------------------------+-------+-------++-------
 Cast: Magic Dart        |    82 |    10 ||    92
       Apportation       |     1 |       ||     1
       Searing Ray       |     1 |       ||     1
Armor: Robe              |     1 |       ||     1
Dodge: Dodged            |     5 |     1 ||     6
